 Dungeon Crawl Stone Soup version 0.30-a0-739-gea05faddec (webtiles) character file.

Game seed: 15358587673336265978

32 porpoise the Chopper (level 3, -1/33 HPs)
             Began as a Hill Orc Monk on Feb 5, 2023.
             Was a Priest of Makhleb.
             Slain by a gnoll
             ... wielding a +0 club
              (6 damage)
             ... on level 2 of the Dungeon.
             The game lasted 00:03:53 (1073 turns).

porpoise the Chopper (Hill Orc Monk)                Turns: 1073, Time: 00:03:53

Health: -1/33      AC:  4    Str: 15    XL:     3   Next: 25%
Magic:  3/3        EV: 12    Int: 10    God:    Makhleb [***...]
Gold:   60         SH:  0    Dex: 13    Spells: 2/2 levels left

rFire   . . .      SeeInvis .    a - +0 hand axe
rCold   . . .      Faith    .    (no shield)
rNeg    . . .      Spirit   .    n - +0 leather armour
rPois   .          Reflect  .    (no helmet)
rElec   .          Harm     .    (no cloak)
rCorr   .          Rampage  .    h - +0 pair of gloves
Will    .....                    (no boots)
Stlth   ++                       (no amulet)
HPRegen 0.25/turn                (no ring)
MPRegen 0.08/turn                (no ring)

@: no status effects
A: fangs 1
a: Renounce Religion, Minor Destruction, Lesser Servant of Makhleb


You were on level 2 of the Dungeon.
You worshipped Makhleb.
Makhleb was most pleased with you.
You visited 1 branch of the dungeon, and saw 2 of its levels.

You collected 60 gold pieces.

Inventory:

Hand Weapons
 a - a +0 hand axe (weapon)
Armour
 h - a +0 pair of gloves (worn)
 n - a +0 leather armour (worn)
Scrolls
 d - a scroll of noise {unknown}
 e - a scroll of identify {unknown}
 f - a scroll of brand weapon {unknown}
 g - a scroll of poison {unknown}
 i - a scroll of enchant armour {unknown}
 k - a scroll of amnesia {unknown}
 m - a scroll of vulnerability {unknown}
 o - a scroll of teleportation {unknown}
Potions
 b - a potion of flight {unknown}
 c - a potion of ambrosia
 j - a potion of might {unknown}


   Skills:
 + Level 4.1 Fighting
 * Level 5.0 Axes
 - Level 2.4 Dodging
 - Level 1.5 Stealth
 + Level 1.2 Invocations


You had 2 spell levels left.
You didn't know any spells.
Your spell library was empty.

Dungeon Overview and Level Annotations

Branches:
Dungeon (2/15)

Altars:
Makhleb


Innate Abilities, Weirdness & Mutations

You have very sharp teeth.


Message History

A gnoll comes into view. It is wielding a +0 club.
The gnoll shouts!
You hear a shout!
A kobold comes into view. It is wielding a +0 dagger.
The gnoll shouts!
The kobold shouts!
You hear a shout!
A gnoll comes into view. It is wielding a +0 spear.
A bat comes into view.
You hit the kobold.
You kill the kobold!
Makhleb accepts your kill.
You closely miss the gnoll. You hit the gnoll.
A hobgoblin comes into view.
The gnoll hits you with a +0 club.
The gnoll hits you from afar with a +0 spear!
The gnoll barely misses you.
You closely miss the gnoll.
The gnoll is lightly wounded.
The hobgoblin shouts!
You hit the gnoll but do no damage. The gnoll hits you but does no damage.
The gnoll hits you with a +0 flail.
You are too injured to fight recklessly!
You hit the gnoll.
The gnoll is heavily wounded.
You barely miss the gnoll. The gnoll closely misses you. The gnoll misses you.
The gnoll hits you but does no damage.
You hit the gnoll.
The gnoll is almost dead.
You hit the gnoll.
The gnoll hits you from afar with a +0 spear.
The gnoll hits you with a +0 flail. The gnoll attacks as you move away!
The gnoll hits you with a +0 flail.
* * * LOW HITPOINT WARNING * * *
You hit the gnoll but do no damage.
The gnoll is moderately wounded.
The gnoll hits you with a +0 club.
* * * LOW HITPOINT WARNING * * *
The gnoll barely misses you.
It was a potion of mutation.
You feel extremely strange.
Your teeth lengthen and sharpen.
The gnoll hits you with a +0 club.
You die...

#...........##############.#
##......###..# #.......#
......### #..# #.#######
....#.... #..########.##
#.#.#.... +..#.........#
..........##.#.#.##...##
.#........##.#.#.##.#.########
..............................
.............#.#@##.##########
.#.#.........#.#g##.#
<..............ggb..###
.........###..g..##...#
......... #.....##...#
.#.####.. #.#.#(##...# .#.# .
#......##...# ....
....#....+>..+ ##.##
....#...##...#


You could see 3 gnolls, a hobgoblin and a bat.

Vanquished Creatures
  2 dart slugs (D:2)
  4 bats (D:1)
  3 endoplasms
  A giant cockroach (D:1)
  A goblin (D:2)
  2 hobgoblins (D:2)
  2 quokkas
  4 ball pythons
  3 frilled lizards
  3 kobolds
  2 rats (D:1)
  A spectral hobgoblin (D:1)
28 creatures vanquished.

Notes
Turn   | Place    | Note
-------+----------+-------------------------------------------
     0 | D:1      | porpoise the Hill Orc Monk began the quest for the Orb.
     0 | D:1      | Reached XP level 1. HP: 19/19 MP: 1/1
   198 | D:1      | Found a faded altar of an unknown god.
   244 | D:1      | Prayed at the altar of an unknown god.
   244 | D:1      | Became a worshipper of Makhleb the Destroyer
   244 | D:1      | Reached * piety under Makhleb
   244 | D:1      | Reached ** piety under Makhleb
   285 | D:1      | Reached XP level 2. HP: 27/27 MP: 2/2
   507 | D:1      | Reached *** piety under Makhleb
   954 | D:2      | Reached skill level 1 in Invocations
   955 | D:2      | Reached XP level 3. HP: 29/33 MP: 3/3
   960 | D:2      | Reached skill level 5 in Axes
  1073 | D:2      | Gained mutation: You have very sharp teeth. [potion of
                  | mutation]
  1073 | D:2      | Slain by a gnoll

Illustrated notes

Levels and vault maps discovered:
D:1:      minmay_arrival_arboretum_small, layout_basic,
          dreamdust_ecumenical_altar_drowned_temple, chequers_arboretum,
          corexii_leaking_fountain, minmay_misc_feat_five
D:2:      layout_basic, serial_shops, nicolae_shop_statue_plus,
          minmay_misc_feat_square, uniq_terence, uniq_robin

Skill      XL: |  1  2  3 |
---------------+----------+-----
Fighting       | 4 |  4.1
Invocations    | 1 |  1.2
Axes           | 5 |  5.0
Dodging        | |  2.4
Stealth        | |  1.5

Action                     || total
---------------------------++-------
  Melee: Hand axe          ||    97
    Use: Potion            ||     1
   Stab: Sleeping          ||     3
 Armour: Robe              ||    17
         Leather armour    ||    13
  Dodge: Dodged            ||    63

Table legend: (Time is in decaauts)
 A = Elapsed time spent in this place.
 B = Non-inter-level travel time spent in this place.
 C = Inter-level travel time spent in this place.
 D = Time resting spent in this place.
 E = Time spent auto-exploring this place.
 F = Levels seen in this place.
 G = Mean time per level.
                   A        B        C        D        E       F      G
               +--------+--------+--------+--------+--------+-----+--------+
         Total |   1093 |   1045 |     48 |    147 |    608 |   2 |  546.5 |
       Dungeon |   1093 |   1045 |     48 |    147 |    608 |   2 |  546.5 |
               +--------+--------+--------+--------+--------+-----+--------+

Top non-repeatable levels by time:
     D:1: 861 daAuts
     D:2: 232 daAuts
